 Dungeon Crawl Stone Soup version 0.31.0-32-g396128a36d (webtiles) character file.

Game seed: 14717621640119892554

415 NotreDorf the Shield-Bearer (level 6, 0/56 HPs)
             Began as a Minotaur Fighter on Mar 30, 2024.
             Slain by Edmund
             ... wielding a +1 heavy dire flail
              (7 damage)
             ... on level 4 of the Dungeon.
             The game lasted 00:08:20 (3328 turns).

NotreDorf the Shield-Bearer (Minotaur Fighter)      Turns: 3328, Time: 00:08:20

Health: 0/56       AC:  8    Str: 21    XL:     6   Next: 60%
Magic:  5/5        EV:  9    Int:  7    God:
Gold:   245        SH:  4    Dex:  9    Spells: 5/5 levels left

rFire   . . .        a - +1 war axe
rCold   . . .        c - +0 buckler
rNeg    . . .        b - +0 scale mail
rPois   .            (helmet restricted)
rElec   .            (no cloak)
rCorr   .            n - +0 pair of gloves
SInv    .            (no boots)
Will    .....        (no amulet) Stlth
                     (no ring)
HPRegen 0.29/turn    (no ring)
MPRegen 0.09/turn

%: no passive effects
@: no status effects
A: horns 2, retaliatory headbutt
a: no special abilities


You were on level 4 of the Dungeon.
You visited 1 branch of the dungeon, and saw 4 of its levels.

You collected 245 gold pieces.

Inventory:

Hand Weapons
 a - a +1 war axe (weapon)
Armour
 b - a +0 scale mail (worn)
 c - a +0 buckler (worn)
 n - a +0 pair of gloves (worn)
Jewellery
 r - a ring of ice
Wands
 p - a wand of paralysis (10)
Scrolls
 e - a scroll of enchant weapon
 f - a scroll of vulnerability {unknown}
 g - a scroll of teleportation
 h - a scroll of poison
 m - a scroll of identify
 q - 2 scrolls of fear
Potions
 d - 2 potions of might
 i - a potion of magic {unknown}
 j - a potion of curing
 k - 2 potions of enlightenment
 l - a potion of heal wounds
 o - a potion of lignification


   Skills:
 + Level 5.0 Fighting
 + Level 4.1 Axes
 + Level 5.1 Armour
 + Level 5.1 Shields
 + Level 2.4 Unarmed Combat
 + Level 1.8 Evocations


You had 5 spell levels left.
You didn't know any spells.
Your spell library contained the following spells:

 Spells                   Type           Power      Damage    Failure   Level
 Freeze                   Ice            0%         1d3       82%         1
 Frozen Ramparts          Ice            0%         1d1       99%         3
 Hailstorm                Conj/Ice       0%         3d5       99%         3
 Tukima's Dance           Hex            0%         N/A       99%         3
 Passage of Golubria      Tloc           0%         N/A       100%        4
 Yara's Violent Unravell  Hex/Alch       0%         3d3       100%        5


Dungeon Overview and Level Annotations

Branches:
Dungeon (4/15)
 Temple: D:4-7

Altars:
Ashenzari
Dithmenos
Kikubaaqudgha
Sif Muna
Trog
Wu Jian

Shops:
D:4 (

Annotations:
D:4 Edmund


Innate Abilities, Weirdness & Mutations

You have a pair of horns on your head.
You reflexively headbutt those who attack you in melee.


Message History

The hobgoblin hits you but does no damage.
The hobgoblin hits you.
You hit the hobgoblin.
You kill the hobgoblin!
You see here a hobgoblin corpse.
A kobold comes into view.
It is wielding a +0 whip and quivering poisoned darts.
The kobold shouts!
Edmund the Younger comes into view.
He is wielding a +1 heavy dire flail.
Edmund shouts!
The kobold throws a poisoned dart.
The poisoned dart barely misses you.
You closely miss the kobold. You headbutt the kobold.
You kill the kobold!
You barely miss Edmund.
Edmund hits you with a +1 heavy dire flail!!
You barely miss Edmund.
Edmund hits you with a +1 heavy dire flail.
You barely miss Edmund.
Edmund hits you with a +1 heavy dire flail!!
You hit Edmund but do no damage. Edmund misses you. You furiously retaliate!
You headbutt Edmund. You closely miss Edmund.
Edmund is lightly wounded.
Edmund hits you with a +1 heavy dire flail.
* * * LOW HITPOINT WARNING * * *
Aiming: Paralyse
Press: ? - help, Shift-Dir - straight line, f - Edmund
Aim: Edmund, wielding a +1 heavy dire flail and wearing a +0 leather armour (lightly wounded, chance to affect: 53%) Edmund resists with significant effort.
You hit Edmund. You headbutt Edmund!
Edmund is heavily wounded.
Edmund hits you with a +1 heavy dire flail!
* * * LOW HITPOINT WARNING * * *
You barely miss Edmund. Your headbutt misses Edmund.
Edmund is heavily wounded.
You block Edmund's attack.
You closely miss Edmund. Your headbutt misses Edmund.
Edmund is heavily wounded.
Edmund hits you with a +1 heavy dire flail!
You die...
Edmund whines, "They better pay attention to me now!"

#.......## .... #.
##.....## #...... #.
###...# ....... ##
##..## ##....... #
##....## #........ . #
##......###........
...####
#........#.........
.......
#.###......#@.......
.......
#............@)......
.......
......................
#...... #.
#...............###
.......
##...........####
....... #...........#
#...... ............#
....... #...........#
.#.... ..........#
##... #..#


You could see Edmund.

Vanquished Creatures
  An ice beast (D:4)
  Terence (D:3)
  A sleepcap (D:4)
  An iguana (D:4)
  2 orc wizards
  Robin (D:4)
  7 adders
  3 gnolls (D:4)
  A white imp (D:3)
  A ribbon worm (D:3)
  A dart slug (D:3)
  8 orcs
  5 ball pythons
  3 bats
  2 endoplasms
  2 giant cockroaches
  13 goblins
  10 hobgoblins
  2 quokkas
  5 frilled lizards
  10 kobolds
  5 rats
85 creatures vanquished.

Vanquished Creatures (others)
  A human (D:3)
1 creature vanquished.

Grand Total: 86 creatures vanquished

Notes
Turn   | Place    | Note
-------+----------+-------------------------------------------
     0 | D:1      | NotreDorf the Minotaur Fighter began the quest for the Orb.
     0 | D:1      | Reached XP level 1. HP: 19/19 MP: 0/0
   136 | D:1      | Reached XP level 2. HP: 26/27 MP: 1/1
   986 | D:2      | Reached XP level 3. HP: 33/33 MP: 2/2
  1395 | D:3      | Noticed Terence
  1402 | D:3      | Killed Terence
  1403 | D:3      | Reached skill level 1 in Unarmed Combat
  1403 | D:3      | Reached XP level 4. HP: 40/40 MP: 3/3
  1820 | D:3      | Reached XP level 5. HP: 46/47 MP: 4/4
  2137 | D:3      | Reached skill level 1 in Evocations
  2199 | D:3      | Found a bloodstained altar of Trog.
  2199 | D:3      | Found a shadowy altar of Dithmenos.
  2204 | D:3      | Found a shimmering blue altar of Sif Muna.
  2208 | D:3      | Found a faded altar of an unknown god.
  2209 | D:3      | Found an ornate altar of the Wu Jian Council.
  2314 | D:3      | Found an ancient bone altar of Kikubaaqudgha.
  2315 | D:3      | Noticed a human
  2318 | D:3      | Killed a human
  2524 | D:4      | Noticed Robin
  2534 | D:4      | Killed Robin
  2798 | D:4      | Found Torae's Antique Weapon Boutique.
  2904 | D:4      | Reached XP level 6. HP: 51/55 MP: 5/5
  2975 | D:4      | Found a broken altar of Ashenzari.
  2976 | D:4      | Noticed an ice beast
  2983 | D:4      | Killed an ice beast
  2984 | D:4      | Reached skill level 5 in Fighting
  2984 | D:4      | Reached skill level 5 in Armour
  2984 | D:4      | Reached skill level 5 in Shields
  3315 | D:4      | Noticed Edmund
  3328 | D:4      | Slain by Edmund

Illustrated notes

Levels and vault maps discovered:
D:1:      sevenhm_arrival_forest_fort_small_3, layout_rooms,
          wander_ebering_terrifying_dragon_lair
D:2:      layout_loops_corners
D:3:      layout_basic, tgw_kikubaaqudgha, chequers_temple_overflow_minitemple,
          uniq_terence
D:4:      layout_cave_pods, nicolae_overflow_crystal_walls,
          gup_sewer_entry_spiral, grunt_ministairs_13, minmay_shop_grid_forest,
          uniq_robin, uniq_edmund

Skill      XL: |  1  2  3  4  5  6 |
---------------+-------------------+-----
Fighting       | 4 5 |  5.0
Armour         | 4 5 |  5.1
Shields        | 4 5 |  5.1
Axes           | 3 4 |  4.1
Unarmed Combat | 1 2 |  2.4
Evocations     | 1 |  1.8

Action                     |  1- 3 |  4- 6 || total
---------------------------+-------+-------++-------
  Melee: War axe           |    66 |   138 ||   204
         Headbutt          |     5 |    15 ||    20
  Evoke: Wand              |       |     1 ||     1
    Use: Scroll            |       |    13 ||    13
 Armour: Scale mail        |    48 |    99 ||   147
  Dodge: Dodged            |    33 |    64 ||    97
  Block: Buckler           |    15 |    37 ||    52
